Cogmind - Beta 13 @@@ ROGUE MODE // 2024.08.02 @ 20:15:54 Player: Amberulez Result: Self-destructed Performance ------------- Evolutions (1) 500 Regions Visited (3) 600 Robots Destroyed (48) 240 Value Destroyed (1095) 1095 Prototype IDs (2) 40 Alien Tech Used (0) 0 Bonus (51) 51 TOTAL SCORE: 2526 Bonus ------- High Alert Combat Kills 51 Cogmind --------- Core Integrity 26/400 Matter 111/300 Energy 200/200 System Corruption 11% Temperature Cool (0) Movement Rolling (190) Ox6 Location -9/Storage Parts ------- > --- POWER (1) -------- Cold Fusion Reactor > --- PROPULSION (2) --- Compact Wheel > --- UTILITY (4) ------ Huge Storage Unit Medium Armor Plating Shield Generator > --- WEAPON (2) ------- Heavy Assault Rifle Rocket Launcher > --- INVENTORY (25) --- Heavy Ion Engine Light Treads Light Treads Wheel Wheel Compact Wheel Small Storage Unit Large Storage Unit High-capacity Matter Pod (159) Shield Generator Shield Generator Heavy Assault Rifle Rocket Launcher Rocket Launcher Rocket Launcher Peak State ------------ > --- POWER ------------ Cold Fusion Reactor > --- PROPULSION ------- Wheel Compact Wheel > --- UTILITY ---------- Large Storage Unit Medium Armor Plating Medium Armor Plating Shield Generator > --- WEAPON ----------- Heavy Assault Rifle Heavy Assault Rifle > --- INVENTORY -------- Heavy Ion Engine Light Treads Light Treads Wheel Wheel Compact Wheel Small Storage Unit High-capacity Matter Pod Medium Armor Plating Shield Generator Shield Generator Rocket Launcher Rocket Launcher Rocket Launcher Rocket Launcher [Rating: 21] Favorites ----------- Power Light Ion Engine Engine Light Ion Engine Reactor Cold Fusion Reactor Propulsion Compact Wheel Wheel Compact Wheel Utility Small Storage Unit Device Shield Generator Storage Small Storage Unit Processor Visual Processing Unit Protection Medium Armor Plating Weapon Light Assault Rifle Energy Gun EM Pulse Gun Ballistic Gun Light Assault Rifle Launcher Rocket Launcher Build | -11 -10 -9 -9 ------- Run | Yrd Mat Mat Sto Slots Evolved 2 | . . 2 . Power . | . . . . Propulsion . | . . . . Utility 2 | . . 2 . Weapon . | . . . . Parts Attached 34 | 6 6 15 7 Power 4 | 1 1 1 1 Engine 3 | 1 1 1 . Core . | . . . . Reactor 1 | . . . 1 Propulsion 7 | 2 1 3 1 Treads . | . . . . Leg . | . . . . Wheel 7 | 2 1 3 1 Hover . | . . . . Flight . | . . . . Utility 10 | 1 1 6 2 Device 2 | . 1 1 . Storage 3 | 1 . 1 1 Processor 2 | . . 2 . Hackware . | . . . . Protection 3 | . . 2 1 Artifact . | . . . . Weapon 13 | 2 3 5 3 Energy Gun 4 | 1 1 2 . Energy Cannon . | . . . . Ballistic Gun 6 | 1 2 2 1 Ballistic Cannon . | . . . . Launcher 3 | . . 1 2 Special Weapon . | . . . . Impact Weapon . | . . . . Slashing Weapon . | . . . . Piercing Weapon . | . . . . Special Melee Weapon . | . . . . Unidentified Prototypes 2 | . . 1 1 Parts Lost 14 | . 2 9 3 Power 2 | . 1 1 . Propulsion 4 | . . 3 1 Utility 3 | . 1 . 2 Weapon 5 | . . 5 . Highest Loss Streak 8 | . 2 8 2 To Critical Strikes . | . . . . Average Slot Usage (%) 90 | . 94 79 96 Engine 7 | . 13 5 2 Reactor 2 | . . . 8 Wheel 21 | . 27 15 20 Device 7 | . 10 1 11 Storage 15 | . 14 21 11 Processor 6 | . . 17 . Protection 5 | . . 1 20 Energy Gun 1 | . 3 1 . Ballistic Gun 17 | . 24 13 13 Launcher 2 | . . . 8 Naked Turns . | . . . . Heaviest Build 115 | 11 13 47 115 Greatest Support 32 | 32 32 32 26 Greatest Overweight (x) 9 | 2 . 9 6 Average Overweight (x) 1 | . . 1 2 Largest Inventory Capacity 25 | 8 8 15 25 Average Capacity 12 | 7 8 14 19 Most Carried 15 | 5 8 12 15 Average Carried 8 | 3 6 7 14 Final Capacity 25 | 8 8 15 25 Final Carried 15 | 4 7 12 15 Class Distribution -------------------- 95% | Mutant 4% | Scavenger-Mutant Dominant Class ---------------- Mutant | -10/Materials Mutant | -9/Materials Mutant | -9/Storage Resources | -11 -10 -9 -9 ----------- Run | Yrd Mat Mat Sto Matter Collected 1055 | 233 307 296 219 Remotely . | . . . . Salvage Created 1403 | . 416 513 474 Parts 110 | . 29 46 35 Haulers Intercepted 3 | . . 1 2 Recyclers Shooed 3 | . . 3 . Parts Field Recycled . | . . . . Retrieved Matter . | . . . . Parts Self-Destructed . | . . . . Prevented . | . . . . Kills | -11 -10 -9 -9 ------- Run | Yrd Mat Mat Sto Combat Hostiles Destroyed 33 | . 10 14 9 Guns 21 | . 9 10 2 AOE 12 | . 1 4 7 Classes Destroyed 8 | . 1 6 1 Worker 5 | . . 1 4 Builder 4 | . . 3 1 Hauler 3 | . . 1 2 Recycler 1 | . . . 1 Watcher 2 | . . 1 1 Swarmer 10 | . . 7 3 Grunt 15 | . 10 4 1 Sentry 8 | . . 3 5 Best Kill Streak 9 | . 2 9 9 Combat Bots Only 9 | . 2 9 4 Max Kills in Single Turn 4 | . 1 4 4 Gunslinging . | . . . . Exploded 4 | . 1 4 2 Melee . | . . . . Uniques/NPCs Destroyed . | . . . . Combat | -11 -10 -9 -9 -------- Run | Yrd Mat Mat Sto Hostile Shots Fired 127 | . 20 84 23 Missed 35 | . 3 26 6 Damage Taken 1876 | . 262 908 706 Core 481 | . 107 249 125 Absorbed by Shields 216 | . . 25 191 Core Remaining (%) 78 | 100 57 . . Volleys Fired 110 | . 27 56 27 Largest 2 | . 2 2 2 Hottest 90 | . 60 90 56 Shots Fired 175 | . 54 72 49 Gun 151 | . 54 69 28 Cannon . | . . . . Launcher 24 | . . 3 21 Special . | . . . . Kinetic 130 | . 51 51 28 Thermal 14 | . . 14 . Explosive 24 | . . 3 21 Electromagnetic 7 | . 3 4 . Robot Hit Streak 18 | . 7 18 7 Robot Miss Streak 3 | . 2 2 3 Penetration Max . | . . . . Secondary Targets 3 | . 1 2 . Max Gunslinging Chain 1 | . 1 1 . Shots Hit Robots 105 | . 38 50 17 Core Hits 72 | . 22 25 25 Critical Kills 1 | . . 1 . Critical Parts Destroyed 1 | . 1 . . Critical Strikes 4 | . 1 3 . Burn 2 | . . 2 . Destroy 2 | . 1 1 . Melee Attacks . | . . . . Impact . | . . . . Slashing . | . . . . Piercing . | . . . . Sneak Attacks . | . . . . Combat Hostiles . | . . . . Follow-up Attacks . | . . . . Damage Inflicted 2184 | . 425 876 883 Guns 1230 | . 386 670 174 Cannons . | . . . . Explosions 889 | . 39 176 674 Melee . | . . . . Ramming 65 | . . 30 35 Kinetic 997 | . 350 473 174 Thermal 192 | . 39 153 . Explosive 850 | . . 176 674 Electromagnetic 80 | . 36 44 . Impact . | . . . . Slashing . | . . . . Piercing . | . . . . Highest Corruption 11 | . 1 9 11 Average Corruption 6 | . 1 9 9 Corruption Purged . | . . . . Corruption Blocked . | . . . . Effects 29 | . 1 9 19 Message Errors 4 | . . 1 3 Matter Fused 7 | . . 3 4 Heat Flow Errors 3 | . . 1 2 Energy Discharges 4 | . 1 . 3 Data Loss (minor) 5 | . . 1 4 Data Loss (major) 3 | . . 2 1 Misfires 1 | . . 1 . Weapon Failures 2 | . . . 2 Overload Shots . | . . . . Overflow Damage 63 | . . 63 . Projectiles . | . . . . Explosions 63 | . . 63 . Melee . | . . . . Knockbacks 1 | . . 1 . Impact 1 | . . 1 . Kinetic . | . . . . Secondary . | . . . . Self-Inflicted Damage 550 | . 51 96 403 Shots 19 | . 1 3 15 Rammed 9 | . 1 5 3 Targets Rammed 9 | . 1 5 3 Kicked . | . . . . Crushed . | . . . . Highest Temperature 271 | . 41 168 271 Average Temperature 66 | . 11 42 124 Received Heat Transfer 369 | . 120 207 42 Effects 1 | . . . 1 Energy Bleed 1 | . . . 1 Siege Activations . | . . . . Robots Corrupted . | . . . . Combat Hostiles . | . . . . Parts Fried . | . . . . Impact Corruptions . | . . . . Robots Melted . | . . . . Combat Hostiles . | . . . . Parts Melted . | . . . . Heat Transferred 592 | . . 592 . Parts Sabotaged . | . . . . Parts Stolen . | . . . . Parts Stripped . | . . . . Power Chain Reactions 1 | . 1 . . Alert | -11 -10 -9 -9 ------- Run | Yrd Mat Mat Sto Peak Influence 609 | . 155 426 609 Initial 118 | . . 32 118 Average 191 | . 68 215 379 Maximum Alert Level 2 | . . 2 2 Low Security (%) 62 | 100 100 34 36 Level 1 24 | . . 61 19 Level 2 12 | . . 4 44 Level 3 . | . . . . Level 4 . | . . . . Level 5 . | . . . . High Security . | . . . . Max Security . | . . . . Squads Dispatched 6 | . 2 2 2 Investigation 2 | . 1 1 . Extermination . | . . . . Reinforcement 4 | . 1 1 2 Assault . | . . . . Garrison . | . . . . Intercept . | . . . . Searches Triggered . | . . . . Construction Impeded 1 | . . . 1 Haulers Reinforced . | . . . . Active Scanning Responses . | . . . . Cargo Convoy Interrupts . | . . . . Stealth | -11 -10 -9 -9 --------- Run | Yrd Mat Mat Sto Distress Signals 1 | . . 1 . Communications Jammed . | . . . . Distress Signals . | . . . . Times Spotted 49 | . 13 24 12 Peak Tracking Total 7 | . 2 7 5 Tactical Retreats 2 | . . 2 . Traps | -11 -10 -9 -9 ------- Run | Yrd Mat Mat Sto Traps Triggered 2 | . 2 . . Indirectly . | . . . . Trap Hack Attempts . | . . . . Triggered . | . . . . Disarmed . | . . . . Reprogrammed . | . . . . Reused . | . . . . Traps Extracted . | . . . . Installed . | . . . . Triggered . | . . . . Machines | -11 -10 -9 -9 ---------- Run | Yrd Mat Mat Sto Machines Disabled 3 | . . 1 2 Max in Single Turn 1 | . . 1 1 Machines Repaired . | . . . . Machines Dismantled . | . . . . Machines Sabotaged . | . . . . Overloaded Fab Kills . | . . . . Hacking | -11 -10 -9 -9 --------- Run | Yrd Mat Mat Sto Machines Accessed 9 | . 3 3 3 Terminals 9 | . 3 3 3 Fabricators . | . . . . Repair Stations . | . . . . Recycling Units . | . . . . Scanalyzers . | . . . . Garrison Access . | . . . . Total Hacks 20 | . 8 7 5 Successful 6 | . 1 2 3 Failed 14 | . 7 5 2 Catastrophic 4 | . 2 2 . Database Lockouts . | . . . . Manual 12 | . 8 4 . Terminals 20 | . 8 7 5 Fabricators . | . . . . Repair Stations . | . . . . Recycling Units . | . . . . Scanalyzers . | . . . . Garrison Access . | . . . . Terminal Hacks 6 | . 1 2 3 Open Door 3 | . . . 3 Branch Access Points 2 | . 1 1 . Emergency Access Points 1 | . . 1 . Fabricator Hacks . | . . . . Repair Station Hacks . | . . . . Recycling Unit Hacks . | . . . . Scanalyzer . | . . . . Garrison Access Hacks . | . . . . Unauthorized Hacks . | . . . . Terminals . | . . . . Fabricators . | . . . . Repair Stations . | . . . . Recycling Units . | . . . . Scanalyzers . | . . . . Garrison Access . | . . . . Data Cores Recovered . | . . . . Used . | . . . . Hacking Detections 6 | . 3 3 . Full Trace Events 5 | . 3 2 . Feedback Events . | . . . . Feedback Blocked . | . . . . Robot Schematics Acquired . | . . . . Robots Built . | . . . . Authchips . | . . . . Time . | . . . . Total Robot Build Rating . | . . . . Part Schematics Acquired . | . . . . Parts Built . | . . . . Authchips . | . . . . Time . | . . . . Total Part Build Rating . | . . . . Parts Repaired . | . . . . Time . | . . . . Parts Recycled . | . . . . Recycled Matter . | . . . . Retrieved Matter . | . . . . Retrieved Components . | . . . . Parts Scanalyzed . | . . . . Part Schematics Acquired . | . . . . Parts Damaged . | . . . . Bothacking | -11 -10 -9 -9 ------------ Run | Yrd Mat Mat Sto Used RIF Installer . | . . . . Robots Hacked . | . . . . Non-combat . | . . . . Combat . | . . . . Robot Hacks Applied . | . . . . Relay Couplers Released . | . . . . Fabnet Peak Effective % . | . . . . Robots Rewired . | . . . . Allies Hacked . | . . . . Hacks Repelled . | . . . . Allies | -11 -10 -9 -9 -------- Run | Yrd Mat Mat Sto Total Allies . | . . . . Largest Group . | . . . . Highest-Rated Group . | . . . . Highest-Rated Ally . | . . . . Total Orders . | . . . . Ally Attacks . | . . . . Total Damage . | . . . . Kills . | . . . . Allies Corrupted . | . . . . Allies Melted . | . . . . Intel | -11 -10 -9 -9 ------- Run | Yrd Mat Mat Sto Robot Analysis Total . | . . . . Derelict Logs Recovered . | . . . . Drone Launches . | . . . . Drone Recoveries . | . . . . Exploration | -11 -10 -9 -9 ------------- Run | Yrd Mat Mat Sto Turns Passed 1612 | 67 614 526 405 Spaces Moved 1039 | 54 473 284 228 Core 36 | 27 . 9 . Treads . | . . . . Legs . | . . . . Wheels 1003 | 27 473 275 228 Hover . | . . . . Flight . | . . . . Fastest Speed 50 | 50 100 95 105 Average Speed 112 | 99 100 122 129 Slowest Speed 500 | 150 100 500 190 Overloaded Moves . | . . . . Propulsion Burnouts . | . . . . Robots Hopped . | . . . . Cave-ins Triggered 2 | . . 1 1 Exploration Rate (%) 32 | 4 63 31 33 Regions Visited 3 Branch Regions 1 Pre-discovered Areas . | . . . . Known Exits Taken 1 | . . 1 . Unknown Exits Taken 2 | 1 1 . . Scrap Searched . | . . . . Spaces Dug 34 | . . . 34 Terrain Destroyed 161 | . 4 12 145 Melee . | . . . . Projectile . | . . . . AOE 161 | . 4 12 145 Terrain Rammed . | . . . . Walls Destroyed . | . . . . Machines Disabled . | . . . . Actions | -11 -10 -9 -9 --------- Run | Yrd Mat Mat Sto Total 1291 | 65 563 380 283 Wait 75 | . 53 10 12 Move 1035 | 53 472 283 227 Hop . | . . . . Pick Up 18 | 6 3 7 2 Fast Attach 22 | 4 5 11 2 Attach 9 | 2 1 4 2 Detach 7 | . 1 4 2 Swap 3 | . . . 3 Drop . | . . . . Fire 110 | . 27 56 27 Melee . | . . . . Ram 9 | . 1 5 3 Kick . | . . . . Crush . | . . . . Escape Stasis 1 | . . . 1 Rewire 2 | . . . 2 Trap . | . . . . Miscellaneous . | . . . . Route ------- -11/Scrapyard -10/Materials (discovered 4 exits: *Mat x2 / Min x2) -9/Materials (discovered 4 exits: [*Mat] / *Min x2 / *Sto) -9/Storage History --------- Turn | Location | Event 5 | -11/Scrapyard | Discovered new exit (range 14) 68 | -11/Scrapyard | Entered Materials 314 | -10/Materials | Build established: Mutant 318 | -10/Materials | Discovered new exit (range 11) 383 | -10/Materials | Discovered new exit (range 3) 599 | -10/Materials | Identified exit to Mines 682 | -10/Materials | Entered another Materials area 682 | -9/Materials | Evolved 2 slots: Utility x2 772 | -9/Materials | Discovered new exit (range 7) 806 | -9/Materials | Identified exit to Mines 806 | -9/Materials | Identified exit to Storage 898 | -9/Materials | Crushed by falling debris 908 | -9/Materials | Core integrity fell below 50% 936 | -9/Materials | Destroyed 9 combat bots 940 | -9/Materials | Lost 8 parts (1p2n5w) 1021 | -9/Materials | Discovered new exit (range 17) 1208 | -9/Materials | Entered Storage 1564 | -9/Storage | Crushed by falling debris 1565 | -9/Storage | Core integrity fell below 20% 1565 | -9/Storage | System corruption reached 10% 1613 | -9/Storage | Self-destructed Last Messages --------------- 01528_ Connecting with Door Terminal... 01535_ Door Terminal disabled. 01537_ V2JSY2TNK>|S%HQIC DMIDTZ FAG& X 01576_ System corrupted: Hvy. Assault Rifle jammed. 01579_ The unstable cave ceiling collapses. 01581_ R-06 Scavenger collects Shotgun. 01583_ System corrupted: Substantial component data lost. 01589_ R-06 Scavenger collects Prototype Energy Gun. 01595_ The unstable cave ceiling collapses. 01606_ System corrupted: Matter fused (-8). 01610_ The unstable cave ceiling collapses. Map ----- +----------------------------------------------------+ | | | | | | | | | | | | | | | | | | | | | | | | | | | | | | | | | | | ???????????????????????????????? | | ????????????????????#########?## | | ????????????????????# ## # | | ????????????????????# # | | ????????########????#""" = | | ??????### ## ##???#""" | | ??????# ##??#""" [ | | ??????## #??# # % | | ??????#@ ## #### ##= # | | ??????# # ## =![[ %[# | | ??????# ####" #### [ !!/# | | ??????###???" #=[ ![[[= # | | ????????????" "" # | | ????????????" # # "=*[[" | | ????????????### # # "[*[*" | | ??????????????#### + """"" # | | ?????????????????# # # | | ????????????????## #####+## # | | ????????????##### #### ###### | | ?????????? # | | ?????????? T + ?? | | ?????????????#### ### #????? | | ????????????????##+###?# #????? | | ???????????????????????# #????? | | ???????????????????????# #????? | | ???????????????????????# #????? | | ???????????????????????# #????? | | ??????????????????"????# #????? | | ????????????? """???# +????? | | ???????????# """ ### #????? | | ????????????? + ^ #????? | | ????????????######### #/####### | | ???????????# | +----------------------------------------------------+ Best States ------------- Heat Dissipation 28 Energy Generation 17 Energy Capacity 280 Matter Stores 300 Matter Capacity 300 Sight Range 18 Robot Scan Range 14 Terrain Scan Density 10 Armor Coverage 450 Evasion (%) 50 Item Schematics ----------------- None Robot Schematics ------------------ None Fabricated ------------ Nothing Alien Tech Used ----------------- None Achievements -------------- None Challenges ------------ None Game ------ Seed SpliceAlertDrive Manual? 0 Play Time 00:18:12 Cumulative 36.7 hours Start 2024.08.02 @ 19:56:54 End 2024.08.02 @ 20:15:54 Sessions 1 Manual Loads 0 Difficulty Rogue Special Mode None Game No. 41 Rogue 41 Adventurer 0 Explorer 0 Win Type - Total 1 Types 1/0/0/0/0/0/0/0/0 Lore% 15 Gallery% 30 Achievement% 27 Wizard Run 0 Options --------- Layout 0 ASCII 0 Keyboard 1 Movement Arrows Keybinds 0 Fullscreen 1 Font 18/SmallcapsGlow Map View 76x50 Zoom Use 0% Tactical HUD 1 Map Filters NONE Filters NONE Steam 1 RUN: f3665b6f-b3cb-42fb-912e-51242b5008ce